 Dungeon Crawl Stone Soup version 0.31.0-12-g77e489cdc1 (webtiles) character file.

Game seed: 8668551732071431902

78 Ekaitz the Gusty (level 4, -3/25 HPs)
             Began as a Tengu Air Elementalist on Feb 27, 2024.
             Killed by nerve-wracking pain
             ... invoked by Grinder
              (12 damage)
             ... on level 3 of the Dungeon.
             The game lasted 00:04:04 (1889 turns).

Ekaitz the Gusty (Tengu Air Elementalist)           Turns: 1889, Time: 00:04:04

Health: -3/25      AC:  2    Str:  8    XL:     4   Next: 36%
Magic:  3/8        EV: 12    Int: 17    God:
Gold:   94         SH:  0    Dex: 15    Spells: 1/7 levels left

rFire   . . .        k - +0 dagger
rCold   . . .        (no shield)
rNeg    . . .        a - +0 robe
rPois   .            (helmet restricted)
rElec   .            (no cloak)
rCorr   .            (no gloves)
SInv    .            (boots unavailable)
Will    .....        (no amulet)
Stlth   ++           (no ring)
HPRegen 0.24/turn    (no ring)
MPRegen 0.11/turn

%: acrobat
@: no status effects
A: beak, talons 3, acrobatic
a: no special abilities


You were on level 3 of the Dungeon.
You visited 1 branch of the dungeon, and saw 3 of its levels.

You collected 94 gold pieces.

Inventory:

Hand Weapons
 k - a +0 dagger (weapon)
Missiles
 i - 4 poisoned darts
 o - 3 datura-tipped darts
Armour
 a - a +0 robe (worn)
Scrolls
 c - 4 scrolls of identify {unknown}
 d - 3 scrolls of immolation
 e - a scroll of enchant weapon {unknown}
 g - 2 scrolls of poison {unknown}
 h - a scroll of fog {unknown}
 m - 4 scrolls of teleportation {unknown}
 n - a scroll of amnesia {unknown}
Potions
 b - 2 potions of magic
 f - a potion of resistance {unknown}
 j - 4 potions of heal wounds {unknown}
 l - a potion of brilliance {unknown}


   Skills:
 * Level 1.1 Fighting
 + Level 2.3 Dodging
 + Level 2.1 Stealth
 + Level 2.3 Spellcasting
 * Level 2.4 Conjurations
 * Level 5.5 Air Magic


You had one spell level left.
You knew the following spells:

 Your Spells              Type           Power      Damage    Failure   Level
a - Shock                 Conj/Air       60%        1d6       3%          1
b - Static Discharge      Conj/Air       30%        3-5/arc   5%          2
c - Swiftness             Air            20%        N/A       6%          3

Your spell library contained the following spells:

 Spells                   Type           Power      Damage    Failure   Level
 Airstrike                Air            10%        2d(2-18)  19%         4
 Stone Arrow              Conj/Erth      12%        3d7       34%         3
 Animate Armour           Summ/Erth      2%         N/A       88%         4
 Lehudib's Crystal Spear  Conj/Erth      3%         10d2      100%        8


Dungeon Overview and Level Annotations

Branches:
Dungeon (3/15)

Altars:

Shops:
D:1 [

Annotations:
D:3 Grinder


Innate Abilities, Weirdness & Mutations

You have a beak for a mouth.
You have claws for feet.
You can magically evade attacks while moving or waiting.


Message History

The zap misses Grinder.
Unknown command.
Casting: Shock (safe; 3% risk of failure)
Confirm with . or Enter, or press ? or * to list all spells.
Aiming: Shock (safe; 3% risk of failure)
Press: ? - help, Shift-Dir - straight line, p - Grinder The zap hits Grinder.
Grinder is lightly wounded.
The zap misses Grinder.
Grinder hits you.
You writhe in agony.
Unknown command.
Casting: Shock (safe; 3% risk of failure)
Confirm with . or Enter, or press ? or * to list all spells.
Aiming: Shock (safe; 3% risk of failure)
Press: ? - help, Shift-Dir - straight line The zap hits Grinder.
Grinder is lightly wounded.
The zap hits Grinder.
Grinder is moderately wounded.
Grinder misses you.
Casting: Shock (safe; 3% risk of failure)
Confirm with . or Enter, or press ? or * to list all spells.
Aiming: Shock (safe; 3% risk of failure)
Press: ? - help, Shift-Dir - straight line The zap hits Grinder.
Grinder is moderately wounded.
The zap hits Grinder.
Grinder is moderately wounded.
Grinder hits you.
You writhe in agony.
Casting: Shock (safe; 3% risk of failure)
Confirm with . or Enter, or press ? or * to list all spells.
Aiming: Shock (safe; 3% risk of failure)
Press: ? - help, Shift-Dir - straight line The zap hits Grinder.
Grinder is moderately wounded.
The zap hits Grinder but does no damage.
Grinder is moderately wounded.
Grinder gestures at you. Pain shoots through your body!
You die...
Grinder says, "Now the real fun starts!"

.......#.....###.
.....................
....................
...................
#..........>.......
#...........^......
#..######...........[.....
........5.....)...........
#......##@#..†........####
#......##...######...##
#......#........<...##
#......#.........#.######
#......#................##
#......#.........###.....#
################## #######


You could see Grinder.

Vanquished Creatures
  Jessica (D:3)
  An adder (D:2)
  A dart slug (D:2)
  7 ball pythons
  7 bats
  3 endoplasms
  4 giant cockroaches
  4 goblins
  5 hobgoblins
  2 kobolds
  2 frilled lizards
  3 rats
40 creatures vanquished.

Notes
Turn   | Place    | Note
-------+----------+-------------------------------------------
     0 | D:1      | Ekaitz the Tengu Air Elementalist began the quest for the
                  | Orb.
     0 | D:1      | Reached XP level 1. HP: 10/10 MP: 4/4
   158 | D:1      | Reached XP level 2. HP: 15/15 MP: 3/6
   161 | D:1      | Learned a level 2 spell: Static Discharge
   281 | D:1      | Found a transporter.
   285 | D:1      | Found Guwkecug's Armour Shoppe.
   314 | D:1      | Found a transporter.
   893 | D:2      | Reached XP level 3. HP: 20/20 MP: 4/7
   897 | D:2      | Learned a level 3 spell: Swiftness
  1031 | D:2      | Reached skill level 5 in Air Magic
  1490 | D:2      | Found a faded altar of an unknown god.
  1678 | D:3      | Noticed Jessica
  1685 | D:3      | Killed Jessica
  1686 | D:3      | Reached skill level 1 in Fighting
  1686 | D:3      | Reached XP level 4. HP: 25/25 MP: 0/8
  1881 | D:3      | Noticed Grinder
  1889 | D:3      | Killed from afar by Grinder

Illustrated notes

Levels and vault maps discovered:
D:1:      shiori_shiawase, layout_rooms, serial_shops, nicolae_shop_drivethru
D:2:      layout_loops_ring, hellmonk_ecumenical_altar_blasted
D:3:      layout_rooms, uniq_jessica, uniq_grinder, uniq_natasha

Skill      XL: |  1  2  3 |
---------------+----------+-----
Air Magic      | 5 |  5.5
Conjurations   | 2 |  2.4
Fighting       | 1 |  1.1
Dodging        | |  2.3
Stealth        | |  2.1
Spellcasting   | |  2.3

Action                     |  1- 3 |  4- 6 || total
---------------------------+-------+-------++-------
  Melee: Dagger            |     1 |     1 ||     2
   Cast: Shock             |    62 |     9 ||    71
         Static Discharge  |     1 |       ||     1
   Stab: Sleeping          |       |     1 ||     1
 Armour: Robe              |     8 |     2 ||    10
  Dodge: Dodged            |    21 |     2 ||    23
